[ AOE2 MATCH · #478194826 ]
UnrankedHindustanis vs Saracens
[ REPLAY ANALYSIS · EXTRACTED FROM THE RECORDED GAME ]
Feudal
9:15
Castle
25:25
Imperial
—
| APM avg | 27.9 |
| APM peak | 51 |
| eAPM avg | 12.9 |
| Villagers / military | 93 / 90 |
Focus
⚔️ 27.5% · 🌾 72.5%
Camel Scout ×47 · Scout Cavalry ×29 · Ghulam ×12 · Spearman ×2
Feudal
10:14
Castle
23:56
Imperial
—
| APM avg | 50.2 |
| APM peak | 98 |
| eAPM avg | 19.7 |
| Villagers / military | 105 / 78 |
Focus
⚔️ 25.0% · 🌾 75.0%
Archer ×32 · Genitour ×32 · Skirmisher ×7 · Militia ×3 · Spearman ×2 · Cavalry Archer ×2
Feudal
9:47
Castle
25:29
Imperial
—
| APM avg | 29.5 |
| APM peak | 62 |
| eAPM avg | 14.6 |
| Villagers / military | 72 / 76 |
Focus
⚔️ 28.5% · 🌾 71.5%
Camel Scout ×66 · Scout Cavalry ×10
Feudal
9:22
Castle
22:30
Imperial
—
| APM avg | 39.8 |
| APM peak | 68 |
| eAPM avg | 14.7 |
| Villagers / military | 79 / 93 |
Focus
⚔️ 31.7% · 🌾 68.3%
Archer ×84 · Shotel Warrior ×8 · Spearman ×1
Match map
Initial resources + every placement click. Lines = walls · curves = elevation contours. ◆ gold · ⬟ stone · ● berries · ✦ relic · ◌ wall gap
Your base· Open — 3t gap
maltroc's base· Open — 7t gap
Mawabout ^^'s base· ✓ Closed at 25:29 · 47t walls · 1 gate(s)
Slaughter House Threeve's base· ✓ Closed at 22:30 · 48t walls · no gate
Smoothed initial terrain · ◌ = detected wall gap · hover for details
Inputs per minute
— TrickyDick - - maltroc
Build order — TrickyDick
First 150 of 232 actions detected
| 0:00 | Create | Villager (Male) |
| 0:00 | Create | Villager (Male) |
| 0:01 | Create | Villager (Male) |
| 0:02 | Build | House |
| 0:03 | Build | House |
| 0:19 | Create | Villager (Male) |
| 0:19 | Create | Villager (Male) |
| 1:13 | Create | Villager (Male) |
| 1:28 | Create | Villager (Male) |
| 1:28 | Create | Villager (Male) |
| 1:51 | Build | Lumber Camp |
| 2:00 | Create | Villager (Male) |
| 2:00 | Create | Villager (Male) |
| 2:18 | Create | Villager (Male) |
| 2:18 | Create | Villager (Male) |
| 2:51 | Create | Villager (Male) |
| 2:51 | Create | Villager (Male) |
| 3:09 | Create | Villager (Male) |
| 3:09 | Create | Villager (Male) |
| 3:15 | Build | House |
| 3:33 | Create | Villager (Male) |
| 4:00 | Create | Villager (Male) |
| 4:00 | Create | Villager (Male) |
| 4:00 | Create | Villager (Male) |
| 4:33 | Create | Villager (Male) |
| 4:33 | Create | Villager (Male) |
| 4:46 | Create | Villager (Male) |
| 4:46 | Create | Villager (Male) |
| 5:00 | Build | Mill |
| 5:36 | Create | Villager (Male) |
| 5:36 | Create | Villager (Male) |
| 5:42 | Research | Loom |
| 6:53 | Research | Feudal Age |
| 7:31 | Build | Barracks |
| 7:32 | Build | House |
| 8:22 | Create | Villager (Male) |
| 8:22 | Create | Villager (Male) |
| 9:15 | Age | Feudal Age |
| 9:21 | Build | Stable |
| 9:45 | Create | Villager (Male) |
| 10:10 | Build | House |
| 10:15 | Create | Scout Cavalry ×5 |
| 10:15 | Create | Scout Cavalry ×5 |
| 10:22 | Create | Villager (Male) |
| 10:27 | Build | House |
| 10:36 | Build | Gate |
| 10:41 | Create | Villager (Male) |
| 10:44 | Research | Double-Bit Axe |
| 10:45 | Research | Double-Bit Axe |
| 10:55 | Build | Blacksmith |
| 11:01 | Create | Villager (Male) |
| 11:31 | Build | Farm |
| 11:36 | Build | House |
| 11:43 | Build | House |
| 11:55 | Build | Farm |
| 11:56 | Build | Farm |
| 12:02 | Build | House |
| 12:07 | Build | House |
| 12:14 | Build | Farm |
| 12:31 | Build | Mining Camp |
| 12:38 | Create | Scout Cavalry |
| 12:39 | Create | Scout Cavalry |
| 12:39 | Create | Scout Cavalry |
| 12:47 | Build | Farm |
| 13:03 | Build | House |
| 13:09 | Build | Palisade Wall |
| 13:50 | Create | Villager (Male) |
| 13:50 | Create | Villager (Male) |
| 13:50 | Create | Villager (Male) |
| 13:53 | Build | Farm |
| 13:58 | Build | Lumber Camp |
| 14:27 | Create | Villager (Male) |
| 14:33 | Build | House |
| 14:37 | Create | Scout Cavalry |
| 14:37 | Create | Scout Cavalry |
| 14:48 | Build | Farm |
| 15:12 | Create | Villager (Male) |
| 15:19 | Build | Farm |
| 15:23 | Build | Farm |
| 15:33 | Build | House |
| 15:37 | Create | Scout Cavalry |
| 15:37 | Create | Scout Cavalry |
| 15:44 | Build | Farm |
| 15:45 | Create | Villager (Male) |
| 16:03 | Create | Villager (Male) |
| 16:11 | Build | Farm |
| 16:35 | Create | Villager (Male) |
| 16:38 | Create | Scout Cavalry |
| 16:38 | Create | Scout Cavalry |
| 16:43 | Build | Farm |
| 17:14 | Build | Market |
| 17:23 | Build | Stone Wall |
| 17:43 | Build | House |
| 17:51 | Build | House |
| 17:53 | Build | House |
| 18:23 | Build | Farm |
| 18:32 | Build | House |
| 18:45 | Build | House |
| 18:52 | Build | House |
| 19:00 | Create | Scout Cavalry ×5 |
| 19:00 | Create | Scout Cavalry ×5 |
| 19:54 | Build | House |
| 20:13 | Build | Farm |
| 20:24 | Build | House |
| 20:58 | Create | Villager (Male) |
| 20:58 | Create | Villager (Male) |
| 20:58 | Create | Villager (Male) |
| 21:34 | Build | Farm |
| 21:38 | Build | Farm |
| 21:41 | Build | Farm |
| 21:56 | Build | Farm |
| 22:23 | Build | Farm |
| 22:45 | Research | Castle Age |
| 23:02 | Build | Farm |
| 23:19 | Research | Bloodlines |
| 24:22 | Research | Scale Barding Armor |
| 24:35 | Create | Spearman |
| 24:35 | Create | Spearman |
| 24:57 | Create | Villager (Male) |
| 24:57 | Create | Villager (Male) |
| 25:10 | Build | Stone Wall |
| 25:20 | Research | Forging |
| 25:25 | Age | Castle Age |
| 25:30 | Create | Camel Scout ×3 |
| 25:47 | Create | Villager (Male) |
| 26:03 | Build | Farm |
| 26:04 | Create | Villager (Male) |
| 26:30 | Create | Camel Scout ×5 |
| 26:42 | Build | Farm |
| 26:48 | Build | Farm |
| 26:56 | Build | Stone Wall |
| 27:02 | Create | Villager (Male) |
| 27:14 | Create | Villager (Male) |
| 27:17 | Create | Camel Scout ×2 |
| 27:32 | Research | Bow Saw |
| 27:50 | Create | Villager (Male) |
| 27:53 | Create | Camel Scout |
| 27:53 | Create | Camel Scout |
| 28:25 | Create | Villager (Male) |
| 28:25 | Create | Villager (Male) |
| 28:28 | Create | Camel Scout |
| 29:07 | Build | Stable |
| 29:10 | Research | Light Cavalry (upgrade) |
| 29:11 | Research | Husbandry |
| 29:15 | Research | Gold Mining |
| 29:43 | Create | Villager (Male) |
| 29:44 | Create | Villager (Male) |
| 29:59 | Create | Villager (Male) |
| 30:02 | Research | Chain Barding Armor |
| 30:05 | Create | Camel Scout |
Build order — maltroc
First 150 of 275 actions detected
| 0:02 | Create | Villager (Male) |
| 0:02 | Create | Villager (Male) |
| 0:04 | Build | House |
| 0:06 | Build | House |
| 0:21 | Create | Villager (Male) |
| 0:21 | Create | Villager (Male) |
| 0:21 | Create | Villager (Male) |
| 1:55 | Create | Villager (Male) |
| 1:55 | Create | Villager (Male) |
| 2:12 | Build | Lumber Camp |
| 2:15 | Create | Villager (Male) |
| 2:15 | Create | Villager (Male) |
| 2:15 | Create | Villager (Male) |
| 2:28 | Create | Villager (Male) |
| 2:28 | Create | Villager (Male) |
| 2:57 | Create | Villager (Male) |
| 2:57 | Create | Villager (Male) |
| 2:57 | Create | Villager (Male) |
| 3:31 | Create | Villager (Male) |
| 3:31 | Create | Villager (Male) |
| 3:31 | Create | Villager (Male) |
| 3:46 | Build | House |
| 3:48 | Build | House |
| 3:50 | Create | Villager (Male) |
| 3:50 | Create | Villager (Male) |
| 3:50 | Create | Villager (Male) |
| 4:19 | Create | Villager (Male) |
| 4:19 | Create | Villager (Male) |
| 4:46 | Create | Villager (Male) |
| 4:46 | Create | Villager (Male) |
| 4:46 | Create | Villager (Male) |
| 5:35 | Build | Mill |
| 5:41 | Create | Villager (Male) |
| 6:00 | Create | Villager (Male) |
| 6:00 | Create | Villager (Male) |
| 6:28 | Research | Loom |
| 7:01 | Build | Barracks |
| 7:35 | Create | Villager (Male) |
| 7:57 | Build | House |
| 8:04 | Research | Feudal Age |
| 8:11 | Build | Mining Camp |
| 8:56 | Create | Militia |
| 8:57 | Create | Militia |
| 9:21 | Create | Militia |
| 10:14 | Age | Feudal Age |
| 10:16 | Build | Farm |
| 10:17 | Build | Farm |
| 10:20 | Research | Man-at-Arms (upgrade) |
| 10:28 | Build | Archery Range |
| 10:33 | Create | Villager (Male) |
| 10:48 | Create | Villager (Male) |
| 11:17 | Create | Villager (Male) |
| 11:17 | Create | Villager (Male) |
| 11:17 | Create | Villager (Male) |
| 11:51 | Create | Archer |
| 11:52 | Create | Archer |
| 11:52 | Create | Villager (Male) |
| 11:53 | Create | Villager (Male) |
| 11:53 | Create | Villager (Male) |
| 11:53 | Create | Villager (Male) |
| 12:06 | Create | Archer |
| 12:08 | Build | Farm |
| 12:09 | Build | Farm |
| 12:16 | Create | Villager (Male) |
| 12:16 | Create | Villager (Male) |
| 12:16 | Create | Villager (Male) |
| 12:16 | Create | Villager (Male) |
| 12:39 | Build | House |
| 12:44 | Build | House |
| 12:49 | Research | Town Watch |
| 12:50 | Create | Villager (Male) |
| 12:50 | Create | Villager (Male) |
| 12:50 | Create | Villager (Male) |
| 12:54 | Build | Farm |
| 13:00 | Build | Market |
| 13:27 | Create | Villager (Male) |
| 13:27 | Create | Villager (Male) |
| 13:27 | Create | Archer |
| 13:28 | Create | Archer |
| 13:44 | Create | Spearman |
| 13:44 | Create | Spearman |
| 13:56 | Build | Blacksmith |
| 14:27 | Build | Farm |
| 14:28 | Build | Farm |
| 14:30 | Create | Villager (Male) |
| 14:30 | Create | Villager (Male) |
| 14:30 | Create | Villager (Male) |
| 14:38 | Build | Lumber Camp |
| 14:41 | Build | House |
| 14:44 | Build | Palisade Wall |
| 14:46 | Build | Palisade Wall |
| 14:56 | Build | House |
| 15:00 | Build | Palisade Wall |
| 15:10 | Create | Archer |
| 15:11 | Create | Archer |
| 15:20 | Build | Palisade Gate |
| 15:50 | Research | Fletching |
| 16:07 | Create | Villager (Male) |
| 16:07 | Create | Villager (Male) |
| 16:26 | Build | Palisade Wall |
| 16:29 | Create | Archer |
| 16:47 | Create | Villager (Male) |
| 16:47 | Create | Villager (Male) |
| 16:47 | Create | Villager (Male) |
| 16:48 | Create | Archer |
| 16:56 | Build | Farm |
| 16:56 | Build | Farm |
| 16:57 | Build | Farm |
| 16:57 | Build | Farm |
| 17:01 | Build | Farm |
| 17:02 | Build | Farm |
| 17:02 | Build | Farm |
| 17:03 | Build | Farm |
| 17:03 | Build | Farm |
| 17:07 | Create | Villager (Male) |
| 17:07 | Create | Villager (Male) |
| 17:07 | Create | Villager (Male) |
| 17:27 | Create | Archer |
| 18:04 | Create | Archer |
| 18:04 | Create | Archer |
| 18:18 | Create | Archer |
| 18:28 | Create | Villager (Male) |
| 18:28 | Create | Villager (Male) |
| 18:29 | Create | Villager (Male) |
| 18:29 | Create | Villager (Male) |
| 19:06 | Create | Archer |
| 19:06 | Create | Archer |
| 19:07 | Create | Villager (Male) |
| 19:14 | Build | House |
| 19:15 | Build | House |
| 19:16 | Build | House |
| 19:21 | Create | Villager (Male) |
| 19:21 | Create | Villager (Male) |
| 19:27 | Research | Wheelbarrow |
| 19:36 | Create | Archer |
| 20:06 | Create | Skirmisher |
| 20:06 | Create | Skirmisher |
| 20:06 | Create | Skirmisher |
| 20:46 | Build | House |
| 21:02 | Research | Padded Archer Armor |
| 21:16 | Research | Castle Age |
| 21:24 | Build | Archery Range |
| 21:52 | Create | Skirmisher |
| 21:53 | Create | Skirmisher |
| 21:53 | Create | Skirmisher |
| 21:53 | Create | Skirmisher |
| 22:59 | Build | House |
| 23:02 | Build | House |
| 23:03 | Build | House |
| 23:05 | Build | House |
Build order — Mawabout ^^
First 150 of 253 actions detected
| 0:00 | Create | Villager (Male) |
| 0:01 | Create | Villager (Male) |
| 0:03 | Build | House |
| 0:05 | Create | Villager (Male) |
| 0:06 | Create | Villager (Male) |
| 0:08 | Build | House |
| 1:31 | Create | Villager (Male) |
| 2:01 | Build | Lumber Camp |
| 2:02 | Create | Villager (Male) |
| 2:23 | Create | Villager (Male) |
| 2:56 | Create | Villager (Male) |
| 3:03 | Create | Villager (Male) |
| 3:04 | Create | Villager (Male) |
| 3:39 | Build | House |
| 3:46 | Create | Villager (Male) |
| 4:05 | Build | Mill |
| 4:10 | Create | Villager (Male) |
| 4:21 | Create | Villager (Male) |
| 5:03 | Create | Villager (Male) |
| 5:03 | Create | Villager (Male) |
| 5:10 | Create | Villager (Male) |
| 5:47 | Create | Villager (Male) |
| 5:50 | Research | Loom |
| 6:57 | Create | Villager (Male) |
| 7:37 | Research | Feudal Age |
| 7:46 | Build | House |
| 8:13 | Build | Barracks |
| 8:22 | Create | Villager (Male) |
| 9:47 | Age | Feudal Age |
| 9:49 | Build | Stable |
| 9:52 | Research | Double-Bit Axe |
| 9:58 | Create | Villager (Male) |
| 10:04 | Build | Farm |
| 10:26 | Build | House |
| 10:35 | Create | Villager (Male) |
| 10:38 | Build | Farm |
| 10:41 | Create | Scout Cavalry |
| 10:45 | Build | Farm |
| 10:57 | Build | Farm |
| 10:59 | Create | Villager (Male) |
| 11:07 | Build | Palisade Wall |
| 11:10 | Build | Palisade Gate |
| 11:15 | Create | Villager (Male) |
| 11:16 | Build | Farm |
| 11:32 | Create | Scout Cavalry |
| 11:44 | Build | Watch Tower |
| 11:50 | Build | Farm |
| 11:53 | Create | Villager (Male) |
| 12:05 | Build | House |
| 12:06 | Build | House |
| 12:13 | Create | Scout Cavalry |
| 12:27 | Build | Farm |
| 12:28 | Build | Farm |
| 12:30 | Build | Farm |
| 12:31 | Create | Villager (Male) |
| 12:33 | Build | Farm |
| 12:56 | Build | Palisade Wall |
| 13:01 | Create | Villager (Male) |
| 13:05 | Build | Farm |
| 13:11 | Build | Farm |
| 13:14 | Create | Scout Cavalry |
| 13:27 | Create | Villager (Male) |
| 13:34 | Build | House |
| 13:35 | Build | House |
| 13:36 | Build | House |
| 13:40 | Create | Scout Cavalry |
| 14:00 | Build | Palisade Wall |
| 14:01 | Build | Palisade Wall |
| 14:03 | Create | Villager (Male) |
| 14:15 | Create | Scout Cavalry |
| 14:24 | Create | Villager (Male) |
| 14:26 | Build | Farm |
| 14:27 | Build | Farm |
| 14:32 | Create | Villager (Male) |
| 14:45 | Create | Scout Cavalry |
| 15:03 | Create | Scout Cavalry |
| 15:08 | Build | House |
| 15:09 | Build | House |
| 15:20 | Create | Villager (Male) |
| 15:49 | Build | House |
| 15:50 | Build | House |
| 16:14 | Create | Villager (Male) |
| 16:23 | Create | Scout Cavalry |
| 16:47 | Create | Villager (Male) |
| 16:56 | Build | Mining Camp |
| 16:57 | Create | Villager (Male) |
| 17:01 | Build | Farm |
| 17:04 | Build | Farm |
| 17:05 | Build | Farm |
| 17:33 | Create | Villager (Male) |
| 17:49 | Create | Villager (Male) |
| 18:05 | Build | Blacksmith |
| 18:20 | Create | Villager (Male) |
| 18:30 | Create | Scout Cavalry |
| 19:13 | Create | Villager (Male) |
| 19:31 | Create | Villager (Male) |
| 19:45 | Create | Villager (Male) |
| 19:54 | Build | Lumber Camp |
| 20:00 | Build | House |
| 20:01 | Build | House |
| 20:05 | Build | House |
| 20:06 | Build | House |
| 20:09 | Create | Villager (Male) |
| 20:16 | Create | Villager (Male) |
| 21:06 | Build | Farm |
| 21:07 | Build | Farm |
| 21:08 | Build | Farm |
| 21:17 | Build | Farm |
| 21:27 | Build | Market |
| 22:28 | Build | House |
| 22:33 | Build | House |
| 22:49 | Research | Castle Age |
| 23:11 | Research | Gold Mining |
| 23:16 | Build | Farm |
| 23:18 | Build | Farm |
| 23:20 | Build | Farm |
| 23:25 | Build | Farm |
| 23:32 | Research | Horse Collar |
| 23:45 | Build | Stable |
| 23:50 | Build | Farm |
| 23:58 | Create | Villager (Male) |
| 24:26 | Research | Scale Barding Armor |
| 24:33 | Research | Bloodlines |
| 25:18 | Build | Farm |
| 25:19 | Build | Farm |
| 25:21 | Build | Farm |
| 25:29 | Age | Castle Age |
| 25:40 | Create | Camel Scout |
| 25:40 | Create | Camel Scout |
| 25:40 | Create | Camel Scout |
| 25:41 | Create | Camel Scout |
| 25:41 | Create | Camel Scout |
| 25:41 | Create | Camel Scout |
| 25:42 | Create | Villager (Male) |
| 25:48 | Research | Forging |
| 25:48 | Research | Forging |
| 25:57 | Build | House |
| 26:36 | Create | Villager (Male) |
| 26:36 | Create | Villager (Male) |
| 26:38 | Create | Camel Scout |
| 26:38 | Create | Camel Scout |
| 26:38 | Create | Camel Scout |
| 26:44 | Build | Farm |
| 26:44 | Build | Farm |
| 26:45 | Build | Farm |
| 26:45 | Build | Farm |
| 26:46 | Build | Farm |
| 26:56 | Create | Camel Scout |
| 26:56 | Create | Camel Scout |
| 26:56 | Create | Camel Scout |
Build order — Slaughter House Threeve
First 150 of 227 actions detected
| 0:00 | Create | Villager (Male) |
| 0:01 | Create | Villager (Male) |
| 0:02 | Build | House |
| 0:04 | Build | House |
| 0:07 | Create | Villager (Male) |
| 0:09 | Create | Villager (Male) |
| 1:25 | Create | Villager (Male) |
| 1:26 | Create | Villager (Male) |
| 1:48 | Build | Lumber Camp |
| 1:59 | Create | Villager (Male) |
| 2:14 | Create | Villager (Male) |
| 2:53 | Create | Villager (Male) |
| 3:12 | Create | Villager (Male) |
| 3:24 | Build | House |
| 3:36 | Create | Villager (Male) |
| 3:49 | Build | Mill |
| 4:03 | Create | Villager (Male) |
| 4:31 | Create | Villager (Male) |
| 4:31 | Create | Villager (Male) |
| 5:32 | Create | Villager (Male) |
| 5:32 | Create | Villager (Male) |
| 6:09 | Create | Villager (Male) |
| 6:33 | Research | Loom |
| 7:10 | Research | Feudal Age |
| 8:13 | Build | Mining Camp |
| 8:16 | Build | House |
| 8:29 | Build | Barracks |
| 8:56 | Create | Villager (Male) |
| 8:59 | Build | House |
| 9:22 | Age | Feudal Age |
| 9:25 | Build | Archery Range |
| 9:33 | Build | House |
| 9:39 | Create | Spearman |
| 9:54 | Create | Villager (Male) |
| 9:54 | Create | Villager (Male) |
| 10:07 | Create | Villager (Male) |
| 10:16 | Build | Archery Range |
| 10:36 | Create | Villager (Male) |
| 10:36 | Create | Villager (Male) |
| 10:41 | Create | Archer |
| 10:41 | Create | Archer |
| 10:50 | Build | Palisade Wall |
| 11:15 | Create | Archer |
| 11:19 | Create | Villager (Male) |
| 11:35 | Build | House |
| 11:40 | Build | Palisade Wall |
| 11:44 | Build | Palisade Wall |
| 11:45 | Build | Palisade Wall |
| 11:46 | Build | Palisade Wall |
| 11:46 | Build | Palisade Wall |
| 11:48 | Create | Villager (Male) |
| 11:48 | Create | Villager (Male) |
| 11:53 | Build | House |
| 12:03 | Build | Palisade Wall |
| 12:13 | Create | Archer |
| 12:14 | Create | Archer |
| 12:32 | Build | Blacksmith |
| 12:34 | Build | Palisade Wall |
| 12:39 | Build | Palisade Wall |
| 12:50 | Create | Villager (Male) |
| 12:59 | Create | Archer |
| 12:59 | Create | Archer |
| 13:02 | Create | Archer |
| 13:03 | Create | Archer |
| 13:16 | Build | House |
| 13:16 | Build | House |
| 13:20 | Create | Villager (Male) |
| 13:35 | Create | Villager (Male) |
| 13:37 | Create | Archer |
| 13:37 | Create | Archer |
| 13:46 | Build | House |
| 13:59 | Build | Palisade Wall |
| 14:05 | Create | Villager (Male) |
| 14:10 | Build | Farm |
| 14:11 | Build | Farm |
| 14:11 | Build | Farm |
| 14:11 | Build | Farm |
| 14:11 | Build | Farm |
| 14:32 | Create | Villager (Male) |
| 14:38 | Create | Archer |
| 14:38 | Create | Archer |
| 15:27 | Create | Archer |
| 15:27 | Create | Archer |
| 15:40 | Create | Villager (Male) |
| 15:53 | Research | Fletching |
| 16:10 | Create | Archer |
| 16:11 | Create | Archer |
| 16:11 | Create | Archer |
| 16:18 | Build | House |
| 16:23 | Build | Palisade Wall |
| 16:37 | Create | Villager (Male) |
| 16:38 | Create | Villager (Male) |
| 16:45 | Build | Market |
| 16:50 | Build | House |
| 16:51 | Build | House |
| 17:00 | Create | Villager (Male) |
| 17:23 | Create | Villager (Male) |
| 17:48 | Create | Archer ×5 |
| 18:00 | Create | Villager (Male) |
| 19:25 | Create | Villager (Male) |
| 19:50 | Research | Castle Age |
| 19:52 | Create | Archer ×2 |
| 20:03 | Create | Villager (Male) |
| 20:09 | Build | Farm |
| 20:10 | Build | Farm |
| 20:12 | Build | Lumber Camp |
| 20:17 | Research | Gold Mining |
| 20:52 | Create | Villager (Male) |
| 21:04 | Build | Farm |
| 21:05 | Build | Farm |
| 21:20 | Research | Double-Bit Axe |
| 21:52 | Research | Padded Archer Armor |
| 21:58 | Build | Palisade Wall |
| 22:03 | Create | Villager (Male) |
| 22:30 | Age | Castle Age |
| 22:34 | Research | Crossbowman (upgrade) |
| 22:52 | Create | Archer ×5 |
| 22:56 | Create | Villager (Male) |
| 23:25 | Research | Bodkin Arrow |
| 24:12 | Create | Villager (Male) |
| 24:15 | Create | Archer ×5 |
| 24:20 | Build | House |
| 24:22 | Build | House |
| 24:25 | Build | House |
| 24:28 | Create | Villager (Male) |
| 24:28 | Create | Villager (Male) |
| 24:30 | Create | Archer |
| 24:30 | Create | Archer |
| 24:52 | Build | House |
| 25:01 | Build | House |
| 25:16 | Build | Archery Range |
| 25:35 | Build | University |
| 25:40 | Build | House |
| 26:09 | Create | Villager (Male) |
| 26:10 | Create | Villager (Male) |
| 26:10 | Create | Villager (Male) |
| 26:14 | Build | Farm |
| 26:15 | Build | Farm |
| 26:28 | Create | Villager (Male) |
| 26:38 | Research | Ballistics |
| 26:54 | Create | Villager (Male) |
| 26:57 | Create | Archer ×5 |
| 27:39 | Create | Villager (Male) |
| 27:43 | Create | Archer ×5 |
| 28:22 | Create | Villager (Male) |
| 28:22 | Create | Villager (Male) |
| 28:23 | Create | Archer ×5 |
| 28:24 | Create | Archer ×5 |
| 28:34 | Build | House |
| 29:06 | Create | Villager (Male) |
Match timeline
| 7:01 | maltroc · first_building Barracks |
| 7:31 | TrickyDick · first_building Barracks |
| 8:13 | Mawabout ^^ · first_building Barracks |
| 8:29 | Slaughter House Threeve · first_building Barracks |
| 9:15 | TrickyDick · age_up feudal |
| 9:21 | TrickyDick · first_building Stable |
| 9:22 | Slaughter House Threeve · age_up feudal |
| 9:25 | Slaughter House Threeve · first_building Archery Range |
| 9:47 | Mawabout ^^ · age_up feudal |
| 9:49 | Mawabout ^^ · first_building Stable |
| 10:14 | maltroc · age_up feudal |
| 10:28 | maltroc · first_building Archery Range |
| 10:50 | Slaughter House Threeve · wall_segment Palisade Wall x4 |
| 11:07 | Mawabout ^^ · wall_segment Palisade Wall x8 |
| 11:40 | Slaughter House Threeve · wall_segment Palisade Wall x8 |
| 11:44 | Slaughter House Threeve · wall_segment Palisade Wall x1 |
| 11:45 | Slaughter House Threeve · wall_segment Palisade Wall x1 |
| 11:46 | Slaughter House Threeve · wall_segment Palisade Wall x1 |
| 11:46 | Slaughter House Threeve · wall_segment Palisade Wall x1 |
| 12:03 | Slaughter House Threeve · wall_segment Palisade Wall x13 |
| 12:34 | Slaughter House Threeve · wall_segment Palisade Wall x6 |
| 12:39 | Slaughter House Threeve · wall_segment Palisade Wall x5 |
| 12:56 | Mawabout ^^ · wall_segment Palisade Wall x18 |
| 13:09 | TrickyDick · wall_segment Palisade Wall x9 |
| 13:59 | Slaughter House Threeve · wall_segment Palisade Wall x2 |
| 14:00 | Mawabout ^^ · wall_segment Palisade Wall x9 |
| 14:01 | Mawabout ^^ · wall_segment Palisade Wall x13 |
| 14:22 | maltroc · first_market_sell 100 stone |
| 14:24 | maltroc · first_market_buy 100 wood |
| 14:44 | maltroc · wall_segment Palisade Wall x3 |
| 14:46 | maltroc · wall_segment Palisade Wall x3 |
| 15:00 | maltroc · wall_segment Palisade Wall x19 |
| 16:23 | Slaughter House Threeve · wall_segment Palisade Wall x5 |
| 16:26 | maltroc · wall_segment Palisade Wall x8 |
| 17:23 | TrickyDick · wall_segment Stone Wall x12 |
| 18:05 | Slaughter House Threeve · first_market_sell 100 wood |
| 18:06 | Slaughter House Threeve · first_market_buy 500 food |
| 21:06 | TrickyDick · first_market_buy 100 food |
| 21:58 | Slaughter House Threeve · wall_segment Palisade Wall x1 |
| 22:30 | Slaughter House Threeve · age_up castle |
| 22:48 | Mawabout ^^ · first_market_buy 100 food |
| 23:56 | maltroc · age_up castle |
| 25:10 | TrickyDick · wall_segment Stone Wall x4 |
| 25:25 | TrickyDick · age_up castle |
| 25:29 | Mawabout ^^ · age_up castle |
| 26:56 | TrickyDick · wall_segment Stone Wall x5 |
| 29:09 | Mawabout ^^ · first_market_sell 100 wood |
| 29:22 | maltroc · wall_segment Palisade Wall x14 |
| 31:25 | maltroc · first_building Stable |
| 33:04 | TrickyDick · first_market_sell 500 wood |
| 36:14 | Slaughter House Threeve · first_building Castle |
| 37:27 | TrickyDick · first_building Castle |
| 37:46 | maltroc · first_building Castle |
| 40:38 | Mawabout ^^ · resign |
[ AI ANALYSIS · 1 CREDIT ]
What really happened in this match?
Wolo.gg analyzes every decision: build order, eco, micro, common mistakes by bracket. Personalized analysis on WhatsApp or Discord in 30 seconds.
Civ guide
Hindustanis
Perfil
Jugador #5945121